 Dungeon Crawl Stone Soup version 0.24.0-2-g5b39cebb1c (webtiles) character file.

Game seed: 4725075583491165055, levelgen mode: deterministic

555 KapersCrawl the Skirmisher (level 7, -6/61 HPs)
             Began as a Grey Draconian Transmuter on Oct 29, 2019.
             Splashed by a jelly's acid (11 damage)
             ... on level 5 of the Dungeon.
             The game lasted 00:10:35 (2517 turns).

KapersCrawl the Skirmisher (DrTm)                   Turns: 2517, Time: 00:10:36

Health: -6/61      AC: -2    Str: 12    XL:     7   Next: 8%
Magic:  1/10       EV: 12    Int: 15    God:
Gold:   141        SH:  6    Dex: 12    Spells: 4/10 levels left

rFire    . . .     SeeInvis .     - Unarmed
rCold    . . .     Gourm    .   b - +1 buckler {AC+3}
rNeg     . . .     Faith    .   (armour unavailable)
rPois    .         Spirit   .   (helmet restricted)
rElec    .         Reflect  .   (no cloak)
rCorr    .         Harm     .   (no gloves)
MR       .....                  (no boots)
Stlth    +.........             (no amulet)
HPRegen  0.20/turn              (no ring)
MPRegen  0.12/turn              (no ring)

@: appendage, corroded, very slightly contaminated
A: walk through water, unfitting armour, horns 2, unbreathing, cold-blooded, AC
+11
a: End Transformation


You were on level 5 of the Dungeon.
You were not hungry.
You had grown temporary horns.
You visited 1 branch of the dungeon, and saw 5 of its levels.

You collected 141 gold pieces.

Inventory:

Missiles
 a - 62 arrows
Armour
 b - a +1 buckler of protection (worn)
Jewellery
 o - a cursed ring of attention {unknown}
Wands
 q - a wand of digging (1)
Scrolls
 d - a scroll of enchant armour {unknown}
 f - a scroll of noise {unknown}
 h - a scroll of enchant weapon {unknown}
 i - 4 scrolls of identify {unknown}
 k - 2 scrolls of magic mapping {unknown}
 l - 2 scrolls of blinking {unknown}
 n - a scroll of fear {unknown}
 p - a scroll of amnesia {unknown}
 r - a scroll of remove curse {unknown}
 s - a scroll of teleportation {unknown}
Potions
 c - 2 potions of curing {unknown}
 g - 2 potions of might {unknown}
 j - a potion of heal wounds {unknown}
 m - a potion of haste {unknown}
Comestibles
 e - 3 rations


   Skills:
 - Level 5.0 Fighting
 - Level 1.7 Dodging
 - Level 4.0 Shields
 - Level 3.0 Unarmed Combat
 - Level 2.0 Spellcasting
 + Level 4.6 Transmutations


You had 4 spell levels left.
You knew the following spells:

 Your Spells              Type           Power        Failure   Level  Hunger
a - Beastly Appendage     Tmut           ###...       3%          1    #......
b - Sticks to Snakes      Tmut           ###.....     4%          2    ###....
c - Spider Form           Tmut/Pois      #.........   26%         3    ###....

Your spell library contained the following spells:

 Spells                   Type           Power        Failure   Level  Hunger
 Confusing Touch          Hex            #.....       22%         1    #......
 Confuse                  Hex            #.......     54%         3    ###....
 Gell's Gravitas          Tloc           #.........   54%         3    ###....
 Ice Form                 Ice/Tmut       #.......     65%         4    #####..
 Petrify                  Tmut/Erth      #.......     65%         4    #####..
 Blade Hands              Tmut           ###.......   67%         5    ######.
 Yara's Violent Unravell  Hex/Tmut       #.........   94%         5    ######.
 Metabolic Englaciation   Hex/Ice        #.........   99%         5    ######.


Dungeon Overview and Level Annotations

Branches:
Dungeon (5/15)
 Temple: D:4-7

Altars:
Elyvilon

Shops:
D:4 [*


Innate Abilities, Weirdness & Mutations

You can walk through water.
Your dull iron-grey scales are very hard. (AC +11)
You cannot fit into any form of body armour.
You can survive without breathing.
You are cold-blooded and may be slowed by cold attacks.
You have a pair of horns on your head.


Message History

The jelly is moderately wounded.
The jelly hits you but does no damage.
You hit the jelly but do no damage.
Your hands burn!
* * * LOW HITPOINT WARNING * * *
The jelly is moderately wounded.
The jelly barely misses you.
You hit the jelly but do no damage. The acid corrodes you!
Your hands burn!
* * * LOW HITPOINT WARNING * * *
You headbutt the jelly, but do no damage.
The jelly is moderately wounded.
You block the jelly's attack.
You hit the jelly. The acid corrodes you!
Your hands burn!
* * * LOW HITPOINT WARNING * * *
You headbutt the jelly, but do no damage.
The jelly is heavily wounded.
The orc wizard casts a spell.
The orc wizard blinks!
The jelly hits you.
* * * LOW HITPOINT WARNING * * *
The acid corrodes you!
You are splashed with acid!
You die...

#..<.# #.####
#....###....#
#.........#.#####
#.......%o.......
......#.o..........
.......#..o§o.......
........####o#...%...
+######## #J#.......
#@######## #'# ...
..... #......
#....... #.#+##### #.


You could see a jelly, an orc wizard and 3 orcs.

Vanquished Creatures
  Grinder (D:3)
  2 hounds
  2 orc wizards
  A worker ant (D:5)
  A hound skeleton (D:4)
  2 adders
  2 worms
  3 dart slugs
  A leopard gecko (D:3)
  6 orcs
  5 bats
  6 giant cockroaches
  4 goblins
  4 hobgoblins
  5 jackals
  2 kobolds
  A quokka (D:2)
  2 ball pythons
  5 frilled lizards
  7 rats
62 creatures vanquished.

Vanquished Creatures (collateral kills)
  An ogre (D:5)
  2 scorpions
  A howler monkey (D:5)
  An orc wizard (D:4)
  3 adders
  A leopard gecko (D:3)
  An orc (D:3)
  A giant cockroach (D:3)
  A frilled lizard (D:2)
  A rat (D:2)
13 creatures vanquished.

Grand Total: 75 creatures vanquished

Notes
Turn   | Place    | Note
-------+----------+-------------------------------------------
     0 | D:1      | KapersCrawl the Draconian Transmuter began the quest for
                  | the Orb.
     0 | D:1      | Reached XP level 1. HP: 16/16 MP: 3/3
   162 | D:1      | Reached skill level 1 in Shields
   218 | D:1      | Reached XP level 2. HP: 21/23 MP: 3/5
   284 | D:1      | Learned a level 2 spell: Sticks to Snakes
   773 | D:2      | Reached XP level 3. HP: 28/28 MP: 1/6
   927 | D:2      | Reached XP level 4. HP: 28/35 MP: 7/7
   935 | D:2      | Learned a level 3 spell: Spider Form
  1420 | D:3      | Reached skill level 2 in Fighting
  1424 | D:3      | Reached XP level 5. HP: 28/42 MP: 5/8
  1700 | D:3      | Noticed Grinder
  1747 | D:3      | Paralysed by Grinder for 7 turns
  1765 | D:3      | Killed Grinder
  1765 | D:3      | Reached skill level 5 in Fighting
  1765 | D:3      | Reached XP level 6. HP: 28/56 MP: 1/9
  2049 | D:4      | Found a white marble altar of Elyvilon.
  2301 | D:4      | Found Bedoasch's General Store.
  2391 | D:4      | Found Voacaurch's Antique Armour Emporium.
  2423 | D:5      | Entered Level 5 of the Dungeon
  2479 | D:5      | Your scales start taking on a dull iron-grey colour.
  2479 | D:5      | Reached XP level 7. HP: 27/61 MP: 1/10
  2479 | D:5      | Gained mutation: You can survive without breathing. [Grey
                  | Draconian growth]
  2517 | D:5      | Splashed by a jelly's acid

Levels and vault maps discovered:
D:1:      mrwooster_arrival_statue_2, layout_basic
D:2:      layout_rooms
D:3:      layout_rooms, uniq_grinder
D:4:      layout_basic, lemuel_coloured_pillars_altar, serial_shops,
          kennysheep_mini_moat, shop, shop, first_ration
D:5:      layout_basic, minmay_temple_entry_butterflies

Skill      XL: |  1  2  3  4  5  6 |
---------------+-------------------+-----
Shields        | 1 2 3 4 |  4.0
Fighting       | 2 5 |  5.0
Transmutations | 4 |  4.6
Dodging        | |  1.7
Unarmed Combat | |  3.0
Spellcasting   | |  2.0

Action                   |  1- 3 |  4- 6 |  7- 9 || total
-------------------------+-------+-------+-------++-------
Melee: Unarmed           |   110 |   179 |    16 ||   305
       Kick              |     6 |    11 |       ||    17
       Tailslap          |     9 |    20 |     3 ||    32
       Headbutt          |     1 |     6 |     3 ||    10
 Cast: Beastly Appendage |    15 |    21 |     1 ||    37
       Sticks to Snakes  |     3 |    19 |     1 ||    23
 Stab: Distracted        |       |       |     1 ||     1
  Eat: Chunk             |     1 |     4 |       ||     5
       Ration            |       |     1 |       ||     1
Armor: Skin              |    38 |    62 |     4 ||   104
Dodge: Dodged            |    53 |   107 |     8 ||   168
Block: Buckler           |    18 |    54 |     4 ||    76
